Map: Acid Plant LE

Players

MnMiLL

  • Race: Protoss Protoss
  • League: Diamond
  • Spawn Location: 11:00

Stropheum - Winner!

  • Race: Zerg Zerg
  • League: Master
  • Spawn Location: 5:00

VOD

Have the link to the VOD?

Description

Time

  • Played on: July 17, 2018, 11:15 p.m.
  • Length: 11:28
Show
View Real Time Build Order
Export as new Build Order

MnMiLL Protoss 

Build Orders: 1 Gate Expand, Oracle Opening, Zealot Archon 

Get SALT Encoding   

  1  0:00  Probe  
  12  0:05  Probe  
  14  0:17  Pylon  
  14  0:22  Probe  
  16  0:35  Probe  
  16  0:42  Gateway  
  16  0:45  Assimilator  
  16  0:48  Probe  
  17  0:58  Probe  
  18  1:06  Probe  
  19  1:14  Probe  
  20  1:27  Nexus  
  20  1:38  Cybernetics Core  
  20  1:41  Probe  
  20  1:46  Assimilator  
  21  1:53  Probe  
  22  1:54  Pylon  
  22  2:05  Adept, Probe  
  25  2:17  Probe  
  26  2:22  Stargate  
  26  2:29  Probe  
  27  2:30  Warp Gate  
  27  2:35  Adept, Probe  
  29  2:43  Probe  
  29  2:44  Probe  
  32  2:53  Probe  
  32  2:56  Probe  
  34  2:58  Oracle  
  34  3:05  Probe  
  35  3:07  Assimilator  
  35  3:08  Probe  
  35  3:11  Assimilator  
  39  3:17  Probe  
  40  3:20  Probe  
  40  3:21  Adept  
  43  3:29  Probe  
  43  3:32  Probe  
  45  3:45  Robotics Facility  
  45  3:46  Probe  
  46  3:53  Pylon  
  46  4:04  Pylon  
  46  4:10  Phoenix  
  46  4:11  Adept, Probe x2  
  52  4:26  Nexus  
  52  4:27  Pylon  
  52  4:29  Probe  
  52  4:30  Probe  
  54  4:42  Immortal  
  58  4:50  Probe x2  
  60  5:02  Robotics Bay, Probe  
  60  5:03  Probe  
  60  5:04  Twilight Council  
  62  5:10  Pylon  
  62  5:12  Sentry  
  62  5:13  Gateway  
  64  5:14  Probe  
  64  5:17  Probe  
  64  5:20  Observer  
  66  5:25  Gateway  
  66  5:27  Probe  
  68  5:29  Probe  
  68  5:31  Gateway  
  69  5:37  Pylon, Immortal  
  69  5:39  Probe x2  
  69  5:41  Probe  
  72  5:46  Charge  
  76  5:51  Probe  
  77  5:59  Templar Archives  
  77  6:02  Pylon  
  77  6:03  Probe x2  
  79  6:06  Assimilator  
  79  6:08  Assimilator  
  79  6:10  Forge  
  79  6:19  Observer  
  79  6:21  Adept  
  79  6:24  Colossus  
  79  6:25  Extended Thermal Lance  
  81  6:30  Probe x2  
  89  6:44  Probe x3  
  89  6:45  High Templar x2  
  89  6:46  High Templar x2  
  100  6:49  Archon  
  100  6:50  Archon  
  100  6:53  Protoss Ground Weapons Level 1  
  100  6:55  Robotics Facility  
  100  6:56  Probe x3  
  103  7:08  Probe  
  104  7:10  Pylon  
  104  7:11  Pylon  
  104  7:12  Forge  
  104  7:13  Pylon  
  104  7:16  Colossus  
  104  7:24  Pylon  
  104  7:25  Pylon  
  110  7:30  Sentry x2  
  110  7:31  Sentry x2  
  118  7:52  Colossus  
  112  8:18  Zealot x4  
  120  8:27  Pylon  
  120  8:38  Colossus  
  120  8:41  Colossus  
  120  8:45  Gateway x2, Robotics Facility  
  120  8:47  Gateway  
  132  8:53  Protoss Ground Weapons Level 2  
  132  8:58  Zealot x3  
  132  8:59  Zealot  
  139  9:19  Sentry  
  139  9:20  Zealot  
  139  9:21  Zealot x2  
  147  9:29  Colossus  
  153  9:39  Pylon  
  153  9:44  Pylon  
  153  9:50  Pylon  
  158  10:17  Zealot  
  154  10:22  Colossus  
  154  10:23  Warp Prism  
  154  10:26  Zealot x5  
  159  10:51  Gateway  
  159  10:54  Pylon  
  159  10:55  Pylon  
  151  10:57  Pylon x2  
  151  11:00  Pylon  
  151  11:04  Pylon  
  151  11:08  Photon Cannon  
  149  11:12  Photon Cannon  
  149  11:13  Photon Cannon  
Show
View Real Time Build Order
Export as new Build Order

Stropheum Zerg - Winner!

Build Orders: Hatch First 

Get SALT Encoding   

  12  0:01  Drone  
  13  0:12  Overlord  
  13  0:17  Drone  
  14  0:30  Drone x2  
  16  0:49  Hatchery  
  15  0:52  Drone  
  15  0:56  Drone  
  17  1:00  Drone  
  18  1:10  Extractor  
  17  1:16  Spawning Pool  
  16  1:19  Drone  
  16  1:22  Drone  
  18  1:32  Drone  
  19  1:39  Drone  
  20  1:50  Drone  
  21  2:00  Drone  
  22  2:01  Hatchery  
  21  2:11  Drone x2  
  21  2:12  Queen  
  25  2:18  Metabolic Boost  
  25  2:24  Overlord  
  25  2:27  Zergling x2  
  25  2:29  Zergling x2  
  27  2:33  Zergling x2  
  28  2:38  Overlord  
  28  2:48  Queen  
  30  2:56  Pneumatized Carapace  
  30  2:57  Drone x2  
  32  3:01  Drone  
  32  3:02  Drone  
  32  3:04  Drone  
  35  3:06  Drone  
  36  3:14  Drone  
  36  3:16  Drone  
  36  3:18  Drone  
  39  3:25  Drone  
  39  3:26  Drone x3  
  43  3:31  Overlord  
  43  3:38  Queen  
  43  3:39  Queen  
  47  3:49  Drone, Overlord x2  
  47  3:50  Drone x2  
  49  4:02  Drone x7  
  56  4:09  Overlord  
  56  4:10  Drone  
  56  4:12  Drone  
  58  4:21  Queen  
  58  4:22  Queen  
  62  4:29  Drone x4  
  66  4:34  Extractor x2  
  66  4:36  Baneling Nest  
  66  4:37  Drone x5  
  68  4:39  Evolution Chamber  
  67  4:45  Spore Crawler  
  66  4:55  Spore Crawler  
  66  4:58  Spore Crawler  
  64  5:02  Lair  
  64  5:08  Zergling x20  
  74  5:17  Zerg Melee Weapons Level 1  
  74  5:22  Overlord  
  74  5:23  Overlord x3  
  74  5:42  Hatchery  
  73  5:45  Extractor, Drone x12  
  73  5:47  Extractor  
  73  5:49  Drone  
  84  6:02  Hydralisk Den  
  84  6:03  Centrifical Hooks  
  84  6:04  Overlord x2  
  83  6:09  Drone x4  
  83  6:10  Drone x2  
  86  6:18  Overlord x3  
  86  6:19  Overlord  
  80  6:34  Hatchery  
  79  6:42  Grooved Spines  
  79  6:56  Drone x9  
  79  6:57  Drone x3  
  91  7:07  Baneling x8  
  91  7:11  Zerg Melee Weapons Level 2  
  91  7:21  Hydralisk x2, Overlord x4  
  91  7:22  Hydralisk x5  
  105  7:30  Hydralisk x6  
  117  7:39  Spine Crawler  
  117  7:40  Spore Crawler  
  115  7:49  Hydralisk x7  
  115  7:50  Hydralisk  
  127  7:59  Hydralisk x2  
  127  8:00  Zergling x8  
  127  8:01  Zergling x6  
  138  8:07  Zergling x6  
  138  8:10  Extractor  
  140  8:24  Infestation Pit  
  139  8:29  Muscular Augments  
  137  8:40  Baneling x16  
  137  8:41  Zergling x28  
  138  8:42  Zergling x20  
  138  8:45  Overseer x2  
  161  9:00  Hive  
  161  9:25  Spire  
  161  9:28  Spine Crawler, Drone x3  
  161  9:29  Spine Crawler x2, Drone x3, Overlord x4  
  161  9:30  Overlord x3  
  163  9:47  Spine Crawler, Drone x3  
  163  9:48  Extractor, Spine Crawler  
  163  9:49  Extractor  
  162  9:58  Hatchery  
  155  10:16  Hydralisk x7  
  155  10:17  Hydralisk x11  
  163  10:30  Hydralisk x5  
  171  10:40  Zergling x28  
  183  10:57  Zergling x2  
  183  10:58  Zergling x10  
  183  11:01  Baneling  
  183  11:02  Baneling x20  
  183  11:03  Baneling  
Tags
 
Add a new tag
Caveats
  • Supply blocks, unpowered buildings, or Contaminate may cause inaccurate times.
  • Supply counts are checked every 10 seconds.